[Event "Deutsche Schachbundesliga 2010/11"]
[Site "Germany"]
[Date "2011.02.27"]
[Round "11"]
[White "Murdzia, Piotr"]
[Black "Postny, Evgeny"]
[Result "1/2-1/2"]
[ECO "D15"]
[WhiteElo "2477"]
[BlackElo "2595"]
[PlyCount "107"]
[EventDate "2011.??.??"]
[WhiteTeam "Griesheim"]
[BlackTeam "SC Eppingen"]
[TimeControl "40/6000+30:20/3000+30:900+30"]

1. d4 d5 2. c4 c6 3. Nf3 Nf6 4. Nc3 a6 5. c5 g6 6. Bf4 Nh5 7. Be5 f6 8. Bxb8
Rxb8 9. e3 e5 10. Be2 Ng7 11. b4 e4 12. Nd2 f5 13. g3 Ne6 14. h4 Bg7 15. Nb3 h6
16. Qd2 O-O 17. Na4 Nc7 18. Nb6 Be6 19. Na5 Qf6 20. Kd1 g5 21. Kc2 Rf7 22. Rh2
Na8 23. Nxa8 Rxa8 24. Rah1 Rc7 25. a3 Kf8 26. Qd1 Ke7 27. Qg1 Rf8 28. hxg5 hxg5
29. Kd2 Kd8 30. Kc2 Rh8 31. Rxh8+ Bxh8 32. Kd2 Bg7 33. a4 Ke7 34. Qb1 Bd7 35.
Qb3 Be8 36. Qa3 f4 37. b5 axb5 38. axb5 Kf8 39. b6 Rf7 40. Nxb7 Rxb7 41. Qa8
Qe7 42. Bh5 Rxb6 43. Bxe8 Qb7 44. Bxc6+ Qxa8 45. Bxa8 Rb2+ 46. Kc3 Rxf2 47. c6
Ra2 48. Bb7 Ra4 49. Rc1 fxe3 50. Kb3 Ra7 51. Kc3 Ra4 52. Kb3 Ra7 53. Kc3 Ra4
54. Kb3 1/2-1/2

[Event "Deutsche Schachbundesliga 2010/11"]
[Site "Germany"]
[Date "2011.02.27"]
[Round "11"]
[White "Paehtz, Elisabeth"]
[Black "Walter, Stefan"]
[Result "1-0"]
[ECO "C86"]
[WhiteElo "2467"]
[BlackElo "2321"]
[PlyCount "143"]
[EventDate "2011.??.??"]
[WhiteTeam "SC Eppingen"]
[BlackTeam "Griesheim"]
[TimeControl "40/6000+30:20/3000+30:900+30"]

1. e4 e5 2. Nf3 Nc6 3. Bb5 a6 4. Ba4 Nf6 5. Qe2 b5 6. Bb3 Be7 7. c3 O-O 8. O-O
d5 9. d3 Re8 10. Re1 Bb7 11. Bg5 Na5 12. Bc2 h6 13. Bh4 dxe4 14. dxe4 Nd7 15.
Bg3 Bf8 16. Nbd2 c5 17. Rad1 Qc7 18. Nf1 Nc4 19. b3 Nd6 20. N3d2 Qa5 21. Nb1
Rad8 22. a3 b4 23. a4 c4 24. Nfd2 cxb3 25. Nxb3 Qxa4 26. Nc5 Qc6 27. Nxb7 Qxb7
28. Bb3 a5 29. cxb4 Qxb4 30. Nd2 Nf6 31. Rb1 Qd4 32. Nf3 Qxe4 33. Qa2 Qa8 34.
Nxe5 Re7 35. Red1 Nfe4 36. Bd5 Nc3 37. Bxa8 Nxa2 38. Nc6 Rxa8 39. Nxe7+ Bxe7
40. Bxd6 Bf6 41. Re1 Nb4 42. Re4 Nd5 43. Rb8+ Rxb8 44. Bxb8 Bc3 45. Re8+ Kh7
46. Rd8 Nb6 47. Ba7 Na4 48. Bd4 Bxd4 49. Rxd4 Nc5 50. Rc4 Ne6 51. Ra4 h5 52. f4
g6 53. Kf2 Kg7 54. Kf3 Kf6 55. Rxa5 Nf8 56. Ke4 Kg7 57. Ra7 Kf6 58. g3 Ne6 59.
Kd5 Nf8 60. Ra6+ Kg7 61. Rd6 Nh7 62. Ke5 Nf8 63. h3 Nh7 64. g4 hxg4 65. hxg4
Nf8 66. g5 Nh7 67. Rd7 Nf8 68. Re7 Nh7 69. Kd6 Nf8 70. Kc7 Nh7 71. Kd8 Kf8 72.
Ra7 1-0

[Event "Deutsche Schachbundesliga 2010/11"]
[Site "Germany"]
[Date "2011.02.27"]
[Round "11"]
[White "Berger, Steve"]
[Black "Kipper, Jens"]
[Result "1-0"]
[ECO "C11"]
[WhiteElo "2423"]
[BlackElo "2394"]
[PlyCount "75"]
[EventDate "2011.??.??"]
[WhiteTeam "Hamburg"]
[BlackTeam "SC Remagen"]
[TimeControl "40/6000+30:20/3000+30:900+30"]

1. e4 e6 2. d4 d5 3. Nc3 Nf6 4. e5 Nfd7 5. f4 c5 6. Nf3 Nc6 7. Be3 cxd4 8. Nxd4
Bc5 9. Qd2 O-O 10. O-O-O a6 11. Qf2 Bxd4 12. Bxd4 b5 13. Bd3 b4 14. Ne2 a5 15.
Be3 Ba6 16. Kb1 a4 17. Nd4 Nxd4 18. Bxd4 Qc7 19. f5 Bxd3 20. cxd3 exf5 21. Rc1
Qb7 22. Qxf5 Rfe8 23. Rhf1 Nf8 24. Bc5 Ne6 25. Bd6 b3 26. Rc7 Nxc7 27. Qxf7+
Kh8 28. Bf8 bxa2+ 29. Ka1 Ne6 30. Bxg7+ Nxg7 31. Qxb7 a3 32. b3 Ne6 33. Rf7 Ng5
34. Rf5 Rab8 35. Qxd5 Red8 36. Qxd8+ Rxd8 37. Rxg5 Rxd3 38. Kxa2 1-0

[Event "Deutsche Schachbundesliga 2010/11"]
[Site "Germany"]
[Date "2011.02.27"]
[Round "11"]
[White "Degraeve, Jean-Marc"]
[Black "Baramidze, David"]
[Result "1/2-1/2"]
[ECO "C50"]
[WhiteElo "2561"]
[BlackElo "2542"]
[PlyCount "148"]
[EventDate "2011.??.??"]
[WhiteTeam "SC Remagen"]
[BlackTeam "Hamburg"]
[TimeControl "40/6000+30:20/3000+30:900+30"]

1. e4 e5 2. Nf3 Nc6 3. Bc4 Bc5 4. O-O Nf6 5. d4 Bxd4 6. Nxd4 Nxd4 7. f4 d6 8.
fxe5 dxe5 9. Bg5 Be6 10. Na3 Qe7 11. Bxf6 gxf6 12. c3 Bxc4 13. Nxc4 Ne6 14. b4
Rd8 15. Qc2 Rg8 16. Ne3 Nf4 17. Rad1 Qe6 18. Qa4+ Qc6 19. Rxd8+ Kxd8 20. Rd1+
Ke7 21. Qxc6 bxc6 22. Kf2 Ke6 23. Kf3 h5 24. h4 Ng6 25. g3 Ne7 26. Rd2 Nc8 27.
c4 Nd6 28. Rd1 a6 29. c5 Nb5 30. Nc2 a5 31. bxa5 Ra8 32. a4 Nc3 33. Rd3 Nxa4
34. Ra3 Rxa5 35. Ne3 Ra6 36. g4 hxg4+ 37. Kxg4 Nxc5 38. Rxa6 Nxa6 39. h5 Ke7
40. h6 Kf8 41. Kf5 Nc5 42. h7 Kg7 43. h8=Q+ Kxh8 44. Kxf6 Kg8 45. Kxe5 Nd7+ 46.
Kf5 Kf8 47. Nc4 Ke7 48. Na5 c5 49. e5 Nb8 50. Ke4 Ke6 51. Nb7 Na6 52. Na5 Nb4
53. Nb7 c4 54. Nc5+ Ke7 55. Kd4 c3 56. Kxc3 Nc6 57. Na6 Kd8 58. Kc4 Nxe5+ 59.
Kd5 Ng6 60. Nc5 Nf8 61. Ne4 Ke7 62. Ke5 Nd7+ 63. Kf5 f6 64. Nc3 Kd6 65. Nb5+
Kc6 66. Nc3 Kc5 67. Ke6 Kc4 68. Ne2 Kd3 69. Nf4+ Ke4 70. Ne2 Ke3 71. Nc3 Nc5+
72. Kf5 c6 73. Kxf6 Kd3 74. Ke5 Kxc3 1/2-1/2

[Event "Deutsche Schachbundesliga 2010/11"]
[Site "Germany"]
[Date "2011.02.27"]
[Round "11"]
[White "Gharamian, Tigran"]
[Black "Wojtaszek, Radoslaw"]
[Result "1/2-1/2"]
[ECO "B90"]
[WhiteElo "2658"]
[BlackElo "2711"]
[PlyCount "47"]
[EventDate "2011.??.??"]
[WhiteTeam "SC Remagen"]
[BlackTeam "Hamburg"]
[TimeControl "40/6000+30:20/3000+30:900+30"]

1. e4 c5 2. Nf3 d6 3. d4 cxd4 4. Nxd4 Nf6 5. Nc3 a6 6. Be3 e5 7. Nb3 Be7 8. f3
Be6 9. Qd2 Nbd7 10. g4 O-O 11. O-O-O b5 12. g5 Nh5 13. Kb1 Nb6 14. Qf2 Nc4 15.
Bxc4 bxc4 16. Nc5 Qc7 17. N5a4 Rab8 18. Ka1 Qc6 19. Nb6 f5 20. gxf6 Nxf6 21.
Nbd5 Qb7 22. Nxe7+ Qxe7 23. Bc1 Nh5 24. Qe2 1/2-1/2

[Event "Deutsche Schachbundesliga 2010/11"]
[Site "Germany"]
[Date "2011.02.27"]
[Round "11"]
[White "Hansen, Sune Berg"]
[Black "Dgebuadze, Alexandre"]
[Result "1-0"]
[ECO "A17"]
[WhiteElo "2595"]
[BlackElo "2524"]
[PlyCount "65"]
[EventDate "2011.??.??"]
[WhiteTeam "Hamburg"]
[BlackTeam "SC Remagen"]
[TimeControl "40/6000+30:20/3000+30:900+30"]

1. Nf3 Nf6 2. c4 e6 3. Nc3 Bb4 4. Qc2 c5 5. a3 Bxc3 6. Qxc3 Nc6 7. e3 O-O 8.
Be2 b6 9. O-O d5 10. b4 d4 11. exd4 cxd4 12. Qc2 Re8 13. d3 e5 14. Bg5 h6 15.
Bxf6 Qxf6 16. Nd2 Bb7 17. Bf3 Rac8 18. Ne4 Qg6 19. Ng3 Qg5 20. Qc1 Nd8 21. Bxb7
Nxb7 22. f4 exf4 23. Qxf4 Qg6 24. Rf3 Nd8 25. Raf1 f6 26. Nf5 Ne6 27. Qe4 Qf7
28. Rg3 Ng5 29. Qf4 Qc7 30. Nd6 Ne6 31. Qxf6 Rcd8 32. Nxe8 Rxe8 33. Qg6 1-0

[Event "Deutsche Schachbundesliga 2010/11"]
[Site "Germany"]
[Date "2011.02.27"]
[Round "11"]
[White "Huschenbeth, Niclas"]
[Black "Popovic, Petar"]
[Result "0-1"]
[ECO "B98"]
[WhiteElo "2461"]
[BlackElo "2495"]
[PlyCount "132"]
[EventDate "2011.??.??"]
[WhiteTeam "Hamburg"]
[BlackTeam "SC Remagen"]
[TimeControl "40/6000+30:20/3000+30:900+30"]

1. e4 c5 2. Nf3 d6 3. d4 cxd4 4. Nxd4 Nf6 5. Nc3 a6 6. Bg5 e6 7. f4 Be7 8. Qf3
Qc7 9. O-O-O Bd7 10. e5 dxe5 11. fxe5 Nd5 12. Bxe7 Nxe7 13. Ne4 O-O 14. Qg3 Ng6
15. Nd6 Qa5 16. Bd3 Qxa2 17. c3 Nc6 18. Bb1 Qa5 19. Nxc6 Bxc6 20. Rhe1 Rad8 21.
h4 f6 22. Qg4 f5 23. Qg5 Rd7 24. g4 Nxe5 25. Qe3 Rfd8 26. Qxe5 Qxe5 27. Rxe5
Rxd6 28. Rxd6 Rxd6 29. gxf5 exf5 30. Ba2+ Kf8 31. Rxf5+ Ke8 32. Re5+ Kd8 33.
Rg5 g6 34. Bg8 h6 35. Re5 Rf6 36. Kc2 Kd7 37. Kd3 Rf3+ 38. Ke2 Rh3 39. Be6+ Kd6
40. Bxh3 Kxe5 41. Ke3 a5 42. Bf1 b6 43. Bh3 Bd5 44. Bf1 g5 45. hxg5 hxg5 46.
Bh3 Be6 47. Bg2 g4 48. Bc6 Kf5 49. Be4+ Kg5 50. Bg2 Kh4 51. Kf4 g3 52. Ke3 Kg4
53. Ke4 Bc4 54. Kd4 b5 55. Ke4 a4 56. Ke5 Be2 57. Ke4 Kh4 58. Kd4 Kg5 59. Ke3
Bc4 60. Kf3 Kh4 61. Kf4 Be6 62. Ke3 Bd7 63. Ke2 Kg4 64. Ke3 Be8 65. Kd4 Kf4 66.
c4 bxc4 0-1

[Event "Deutsche Schachbundesliga 2010/11"]
[Site "Germany"]
[Date "2011.02.27"]
[Round "11"]
[White "Kempinski, Robert"]
[Black "Parligras, Mircea-Emilian"]
[Result "1/2-1/2"]
[ECO "E19"]
[WhiteElo "2615"]
[BlackElo "2601"]
[PlyCount "41"]
[EventDate "2011.??.??"]
[WhiteTeam "Hamburg"]
[BlackTeam "SC Remagen"]
[TimeControl "40/6000+30:20/3000+30:900+30"]

1. d4 Nf6 2. c4 e6 3. Nf3 b6 4. g3 Bb7 5. Bg2 Be7 6. O-O O-O 7. Nc3 Ne4 8. Qc2
Nxc3 9. Qxc3 f5 10. b3 Bf6 11. Bb2 Nc6 12. Ne5 Nxd4 13. Qxd4 Bxg2 14. Kxg2 d6
15. Qe3 Bxe5 16. Bxe5 dxe5 17. Qxe5 Qd6 18. Qxd6 cxd6 19. Rad1 Rfd8 20. Rd4 Kf7
21. Rfd1 1/2-1/2

[Event "Deutsche Schachbundesliga 2010/11"]
[Site "Germany"]
[Date "2011.02.27"]
[Round "11"]
[White "Seel, Christian"]
[Black "Heinemann, Thies"]
[Result "0-1"]
[ECO "A34"]
[WhiteElo "2483"]
[BlackElo "2488"]
[PlyCount "128"]
[EventDate "2011.??.??"]
[WhiteTeam "SC Remagen"]
[BlackTeam "Hamburg"]
[TimeControl "40/6000+30:20/3000+30:900+30"]

1. Nf3 c5 2. c4 Nc6 3. Nc3 e5 4. e3 Nf6 5. Be2 d5 6. d4 e4 7. Ne5 dxc4 8. Nxc6
bxc6 9. Bxc4 Be7 10. dxc5 Qxd1+ 11. Kxd1 Bxc5 12. h3 h5 13. b3 h4 14. Ke2 Rh5
15. Rd1 g5 16. Bb2 g4 17. hxg4 Bxg4+ 18. f3 exf3+ 19. gxf3 Bh3 20. Na4 Be7 21.
Rg1 Kf8 22. Rad1 Rd8 23. Rxd8+ Bxd8 24. Bd4 a5 25. e4 Rh7 26. Bc5+ Be7 27. Bb6
Rh5 28. Bd4 Nd7 29. f4 Nf6 30. e5 Nd5 31. Kf3 Bf5 32. Bc5 h3 33. Rh1 h2 34.
Bxd5 cxd5 35. Bxe7+ Kxe7 36. Kg3 d4 37. Nb2 d3 38. Nc4 Rh3+ 39. Kg2 d2 40. Nxd2
Rd3 41. Nc4 Be4+ 42. Kxh2 Bxh1 43. Kxh1 Ke6 44. Kg2 a4 45. Kf2 Kf5 46. Ke2 Rh3
47. Nd6+ Kxf4 48. Nxf7 a3 49. Nd6 Rh2+ 50. Kd3 Rxa2 51. e6 Ra1 52. e7 Re1 53.
Kc2 a2 54. e8=Q Rxe8 55. Kb2 Re2+ 56. Ka1 Ke3 57. Nb5 Kd3 58. Na3 Kc3 59. Nb5+
Kb4 60. Nd4 Rf2 61. Nc2+ Kc3 62. Ne3 Kxb3 63. Nd1 Rc2 64. Nb2 Rc1# 0-1

[Event "Deutsche Schachbundesliga 2010/11"]
[Site "Germany"]
[Date "2011.02.27"]
[Round "11"]
[White "Swinkels, Robin"]
[Black "Ftacnik, Lubomir"]
[Result "1-0"]
[ECO "A36"]
[WhiteElo "2478"]
[BlackElo "2568"]
[PlyCount "73"]
[EventDate "2011.??.??"]
[WhiteTeam "SC Remagen"]
[BlackTeam "Hamburg"]
[TimeControl "40/6000+30:20/3000+30:900+30"]

1. c4 Nf6 2. g3 g6 3. Bg2 Bg7 4. Nc3 c5 5. e4 Nc6 6. d3 O-O 7. Nge2 a6 8. O-O
d6 9. h3 Ne8 10. Be3 b5 11. e5 Bd7 12. exd6 exd6 13. d4 bxc4 14. dxc5 Rb8 15.
Nd4 Nxd4 16. Bxd4 Bxd4 17. Qxd4 dxc5 18. Qxc5 Rxb2 19. Rad1 Nf6 20. Rd6 Qe7 21.
Rfd1 Be6 22. Qe5 Rc2 23. g4 Ne8 24. Ne4 c3 25. Rxa6 Qc7 26. Qxc7 Nxc7 27. Rc6
Ne8 28. a4 Bb3 29. Ra1 f5 30. gxf5 Rxf5 31. a5 Bd5 32. Rc8 Kf7 33. Rxe8 Kxe8
34. Nd6+ Kd7 35. Nxf5 Bxg2 36. Kxg2 gxf5 37. a6 1-0

[Event "Deutsche Schachbundesliga 2010/11"]
[Site "Germany"]
[Date "2011.02.27"]
[Round "11"]
[White "Agopov, Mikael"]
[Black "Hoffmann, Michael"]
[Result "0-1"]
[ECO "B92"]
[WhiteElo "2419"]
[BlackElo "2510"]
[PlyCount "100"]
[EventDate "2011.??.??"]
[WhiteTeam "SF Berlin"]
[BlackTeam "SG Solingen"]
[TimeControl "40/6000+30:20/3000+30:900+30"]

1. e4 c5 2. Nf3 d6 3. d4 cxd4 4. Nxd4 Nf6 5. Nc3 a6 6. Be2 e5 7. Nb3 Be7 8. Be3
Be6 9. O-O Nbd7 10. Qd3 O-O 11. Nd5 Bxd5 12. exd5 Nc5 13. Qd2 Nfe4 14. Qb4 a5
15. Qc4 Rc8 16. Qb5 b6 17. f3 Nf6 18. Rad1 Ra8 19. c3 a4 20. Nxc5 bxc5 21. b4
axb3 22. axb3 Nh5 23. g3 f5 24. f4 exf4 25. gxf4 Nf6 26. Qd3 Ne4 27. Bf3 Bf6
28. Bxe4 fxe4 29. Qc2 Qd7 30. Qxe4 Bxc3 31. Qe6+ Rf7 32. Qxd7 Rxd7 33. Rd3 Bf6
34. Kg2 Rb7 35. Rf3 Ra2+ 36. Kh3 Kf7 37. Bf2 Rb4 38. Be1 Re4 39. Rfe3 Rxf4 40.
Bg3 Rd4 41. Rxd4 cxd4 42. Rf3 Ke7 43. Kg4 Ra5 44. Kf4 Rxd5 45. Ke4 Rb5 46. h3
Ke6 47. Bf2 d5+ 48. Kf4 Be5+ 49. Kg4 Rc5 50. b4 Rc3 0-1

[Event "Deutsche Schachbundesliga 2010/11"]
[Site "Germany"]
[Date "2011.02.27"]
[Round "11"]
[White "Ernst, Sipke"]
[Black "Thiede, Lars"]
[Result "1-0"]
[ECO "E94"]
[WhiteElo "2587"]
[BlackElo "2445"]
[PlyCount "71"]
[EventDate "2011.??.??"]
[WhiteTeam "SG Solingen"]
[BlackTeam "SF Berlin"]
[TimeControl "40/6000+30:20/3000+30:900+30"]

1. d4 Nf6 2. c4 g6 3. Nc3 Bg7 4. e4 d6 5. Nf3 O-O 6. Be2 e5 7. O-O Na6 8. Be3
Ng4 9. Bg5 Qe8 10. h3 h6 11. Bh4 exd4 12. Nxd4 Nf6 13. Bf3 Nh7 14. g4 Bf6 15.
Bxf6 Nxf6 16. Bg2 Nc5 17. Qd2 h5 18. f3 Be6 19. b3 c6 20. Rae1 Rd8 21. Qh6 Rd7
22. Re2 hxg4 23. hxg4 Nh7 24. Qe3 a5 25. Rd1 Qe7 26. Bf1 Re8 27. Rh2 g5 28.
Nce2 Qf6 29. Ng3 Qe5 30. Kf2 f6 31. Be2 Nf8 32. Kg2 Ree7 33. Nh5 Ng6 34. Rdh1
Rh7 35. Kf2 Rdf7 36. Nf5 1-0

[Event "Deutsche Schachbundesliga 2010/11"]
[Site "Germany"]
[Date "2011.02.27"]
[Round "11"]
[White "L'Ami, Erwin"]
[Black "Lauber, Arnd"]
[Result "1/2-1/2"]
[ECO "E08"]
[WhiteElo "2628"]
[BlackElo "2497"]
[PlyCount "127"]
[EventDate "2011.??.??"]
[WhiteTeam "SG Solingen"]
[BlackTeam "SF Berlin"]
[TimeControl "40/6000+30:20/3000+30:900+30"]

1. d4 d5 2. c4 e6 3. Nf3 Nf6 4. g3 Bb4+ 5. Bd2 Be7 6. Bg2 O-O 7. O-O c6 8. Qc2
b6 9. Rd1 Nbd7 10. Bf4 Ba6 11. cxd5 cxd5 12. Ne5 Bb7 13. Nc6 Bxc6 14. Qxc6 Qc8
15. Qb5 Qb7 16. Nc3 Rac8 17. Qd3 a6 18. e4 dxe4 19. Nxe4 Nd5 20. Bd6 Nb8 21.
Bxe7 Qxe7 22. Rac1 Rfd8 23. h4 h6 24. Nc3 Nxc3 25. Rxc3 Rxc3 26. Qxc3 Qd6 27.
b4 Nd7 28. Bb7 Nf6 29. a3 Nd5 30. Qc4 b5 31. Qc5 Rd7 32. Bc8 Rd8 33. Rc1 Ne7
34. Bxa6 Qxa6 35. Qxe7 Qd6 36. Qxd6 Rxd6 37. Rc5 Ra6 38. d5 exd5 39. Rxb5 Rxa3
40. Rxd5 Rb3 41. b5 Kf8 42. Re5 f6 43. Rc5 Ke7 44. Rc7+ Ke6 45. Rb7 g5 46. h5
Kf5 47. Rb6 Rb1+ 48. Kg2 g4 49. Rb8 Kg5 50. b6 Kxh5 51. b7 f5 52. Kh2 Rb5 53.
Kg1 Rb1+ 54. Kg2 Rb6 55. Kf1 Rb1+ 56. Ke2 Rb2+ 57. Ke3 Rb3+ 58. Ke2 Rb2+ 59.
Kf1 Rb1+ 60. Kg2 Rb2 61. Kh1 Rb3 62. Kg1 Rb1+ 63. Kg2 Rb2 64. Kf1 1/2-1/2

[Event "Deutsche Schachbundesliga 2010/11"]
[Site "Germany"]
[Date "2011.02.27"]
[Round "11"]
[White "Polzin, Rainer"]
[Black "Nikolic, Predrag"]
[Result "0-1"]
[ECO "C91"]
[WhiteElo "2494"]
[BlackElo "2597"]
[PlyCount "82"]
[EventDate "2011.??.??"]
[WhiteTeam "SF Berlin"]
[BlackTeam "SG Solingen"]
[TimeControl "40/6000+30:20/3000+30:900+30"]

1. e4 e5 2. Nf3 Nc6 3. Bb5 a6 4. Ba4 Nf6 5. O-O Be7 6. Re1 b5 7. Bb3 d6 8. c3
O-O 9. d4 Bg4 10. Be3 exd4 11. cxd4 Na5 12. Bc2 c5 13. h3 Bh5 14. g4 Bg6 15.
Nbd2 Nd7 16. d5 Re8 17. Rb1 h6 18. Nf1 Nc4 19. Bc1 Bg5 20. Nxg5 hxg5 21. b3
Nce5 22. Ng3 c4 23. Bb2 Rc8 24. Re3 b4 25. Bd4 a5 26. Nf5 Bxf5 27. gxf5 Qf6 28.
Rg3 Qh6 29. bxc4 Rxc4 30. Ba4 Rec8 31. Bb3 R4c7 32. Qd2 Qh4 33. Qe2 Nf6 34.
Bxe5 dxe5 35. Qe3 g4 36. Qe1 Rc3 37. Rd1 gxh3 38. d6 Nxe4 39. d7 Rd8 40. Rxc3
Nxc3 41. Rd3 Qg4+ 0-1

[Event "Deutsche Schachbundesliga 2010/11"]
[Site "Germany"]
[Date "2011.02.27"]
[Round "11"]
[White "Ragger, Markus"]
[Black "Schneider, Ilja"]
[Result "1-0"]
[ECO "B13"]
[WhiteElo "2628"]
[BlackElo "2519"]
[PlyCount "43"]
[EventDate "2011.??.??"]
[WhiteTeam "SG Solingen"]
[BlackTeam "SF Berlin"]
[TimeControl "40/6000+30:20/3000+30:900+30"]

1. c4 c6 2. e4 d5 3. exd5 cxd5 4. d4 Nf6 5. Nc3 Nc6 6. Bg5 dxc4 7. Bxc4 h6 8.
Be3 e6 9. Nf3 Be7 10. O-O O-O 11. Qd2 Ng4 12. Rad1 a6 13. Bf4 Bd6 14. h3 Bxf4
15. Qxf4 Nf6 16. d5 exd5 17. Nxd5 Nxd5 18. Bxd5 Qb6 19. Rfe1 Bd7 20. Nh4 Nb4
21. Bb3 Be6 22. Rd6 1-0

[Event "Deutsche Schachbundesliga 2010/11"]
[Site "Germany"]
[Date "2011.02.27"]
[Round "11"]
[White "Smeets, Jan"]
[Black "Kraemer, Martin"]
[Result "1/2-1/2"]
[ECO "C91"]
[WhiteElo "2669"]
[BlackElo "2516"]
[PlyCount "71"]
[EventDate "2011.??.??"]
[WhiteTeam "SG Solingen"]
[BlackTeam "SF Berlin"]
[TimeControl "40/6000+30:20/3000+30:900+30"]

1. e4 e5 2. Nf3 Nc6 3. Bb5 a6 4. Ba4 Nf6 5. O-O Be7 6. Re1 b5 7. Bb3 d6 8. c3
O-O 9. d4 Bg4 10. Be3 exd4 11. cxd4 Na5 12. Bc2 Nc4 13. Bc1 c5 14. b3 Nb6 15.
Nbd2 Rc8 16. h3 Bh5 17. g4 Bg6 18. d5 Nfd7 19. Nf1 Bf6 20. Rb1 c4 21. b4 a5 22.
Bf4 Bc3 23. bxa5 Bxa5 24. Bxd6 Bxe1 25. Bxf8 Bxf2+ 26. Kxf2 Qxf8 27. Rxb5 Qa3
28. Qb1 Na4 29. Qb4 Qxb4 30. Rxb4 Nc3 31. Ke3 Nf6 32. Kd4 Ne2+ 33. Ke3 Nc3 34.
Kd4 Ne2+ 35. Ke3 Nc3 36. Kd4 1/2-1/2

[Event "Deutsche Schachbundesliga 2010/11"]
[Site "Germany"]
[Date "2011.02.27"]
[Round "11"]
[White "Thinius, Marco"]
[Black "Naumann, Alexander"]
[Result "1/2-1/2"]
[ECO "B12"]
[WhiteElo "2367"]
[BlackElo "2544"]
[PlyCount "40"]
[EventDate "2011.??.??"]
[WhiteTeam "SF Berlin"]
[BlackTeam "SG Solingen"]
[TimeControl "40/6000+30:20/3000+30:900+30"]

1. e4 c6 2. d4 d5 3. e5 Bf5 4. h4 h5 5. Bg5 Qb6 6. Bd3 Bxd3 7. Qxd3 e6 8. Nd2
Qa6 9. c4 Bb4 10. b3 Nd7 11. Ngf3 Ne7 12. O-O Nf5 13. Rfc1 O-O 14. a3 Bxd2 15.
Qxd2 Qb6 16. Rc3 f6 17. c5 Qd8 18. exf6 gxf6 19. Bf4 Qe8 20. Re1 Qf7 1/2-1/2